PCL
PHOENIX GIANTS @ SPOKANE INDIANS
07/29/1982
 
TOP OF THE 1ST
Phoenix Giants batting - Pitching for Spokane Indians : LHP Alberto Argueta
Pitching: LHP Alberto Argueta
Batting: LHB Bobby V Mitchell 0-0: Ball
1-0: Fly out, F5 (Flyball, 5D, EV 76.9 MPH)
Batting: LHB Gordon Hahn 0-0: Called Strike
0-1: Called Strike
0-2: Strikes out swinging
Batting: LHB Ernie Riles 0-0: Called Strike
0-1: Ball
1-1: Ball
2-1: Swinging Strike
2-2: Strikes out swinging
Top of the 1st over - 0 runs, 0 hits, 0 errors, 0 left on base; Phoenix 0 - Spokane 0
BOTTOM OF THE 1ST
Spokane Indians batting - Pitching for Phoenix Giants : RHP Hal Dues
Pitching: RHP Hal Dues
Batting: SHB Jose Oquendo 0-0: Ball
1-0: Swinging Strike
1-1: Ground out 4-3 (Groundball, 4, EV 92.5 MPH)
Batting: LHB Stu Pederson 0-0: Foul Ball, location: 2F
0-1: Called Strike
0-2: Ground out 4-3 (Groundball, 4, EV 88.8 MPH)
Batting: RHB Tom Watkins 0-0: Ball
1-0: Called Strike
1-1: Fly out, F8 (Flyball, 8LM, EV 86.9 MPH)
Bottom of the 1st over - 0 runs, 0 hits, 0 errors, 0 left on base; Phoenix 0 - Spokane 0
TOP OF THE 2ND
Phoenix Giants batting - Pitching for Spokane Indians : LHP Alberto Argueta
Batting: SHB John Macauley 0-0: Ball
1-0: Fly out, F8 (Flyball, 89D, EV 78.1 MPH)
Batting: RHB Paul Zuvella 0-0: Fly out, F7 (Line Drive, 7, EV 95.0 MPH)
Batting: LHB Joseph Bruno 0-0: Foul Ball, location: 2F
0-1: Ball
1-1: Foul Ball, location: 2F
1-2: Ball
2-2: Ground out 5-3 (Groundball, 56S, EV 92.5 MPH)
Top of the 2nd over - 0 runs, 0 hits, 0 errors, 0 left on base; Phoenix 0 - Spokane 0
BOTTOM OF THE 2ND
Spokane Indians batting - Pitching for Phoenix Giants : RHP Hal Dues
Batting: LHB Dave Stockstill 0-0: Called Strike
0-1: SOLO HOME RUN (Flyball, 7D, EV 106.3 MPH), Distance : 364 ft
Batting: LHB Joseph Lentsch 0-0: Ball
1-0: Ball
2-0: Foul Ball, location: 2F
2-1: Foul Ball, location: 2F
2-2: Foul Ball, location: 2F
2-2: Foul Ball, location: 2F
2-2: Foul Ball, location: 2F
2-2: Foul Ball, location: 2F
2-2: Ball
3-2: Base on Balls
Batting: RHB Craig Landis 0-0: Ball
1-0: SINGLE (Groundball, 6MD, EV 101.3 MPH)
Joseph Lentsch to second
Runner from 2nd tries for 3rd, SAFE, no throw by CF
Batting: RHB John Almon 0-0: Called Strike
0-1: Called Strike
0-2: Ball
1-2: Strikes out looking
Batting: RHB Matthew Tyner 0-0: Ball
Craig Landis is caught stealing 2nd base 2-4
1-0: Ball
2-0: Fly out, F1 (Line Drive, P, EV 66.9 MPH)
Bottom of the 2nd over - 1 run, 2 hits, 0 errors, 1 left on base; Phoenix 0 - Spokane 1
TOP OF THE 3RD
Phoenix Giants batting - Pitching for Spokane Indians : LHP Alberto Argueta
Batting: RHB Adam Veldman 0-0: Ball
1-0: Foul Ball, location: 2F
1-1: Fly out, F8 (Flyball, 78D, EV 100.0 MPH)
Batting: LHB Frank Gill 0-0: Ball
1-0: Called Strike
1-1: Ground out 5-3 (Groundball, 5, EV 81.3 MPH)
Batting: RHB Tom Wieghaus 0-0: Swinging Strike
0-1: Ground out 5-3 (Groundball, 56S, EV 87.5 MPH)
Top of the 3rd over - 0 runs, 0 hits, 0 errors, 0 left on base; Phoenix 0 - Spokane 1
BOTTOM OF THE 3RD
Spokane Indians batting - Pitching for Phoenix Giants : RHP Hal Dues
Batting: RHB Ty Waller 0-0: Ball
1-0: Ball
2-0: Foul Ball, location: 2F
2-1: Foul Ball, location: 2F
2-2: Ball
3-2: Foul Ball, location: 2F
3-2: Base on Balls
Batting: SHB Jose Oquendo 0-0: Called Strike
0-1: Fielders Choice at 2nd, 4-6 (Groundball, 34, EV 90.6 MPH)
Batting: LHB Stu Pederson 0-0: Ball
1-0: Called Strike
1-1: Ball
2-1: Swinging Strike
2-2: Fly out, F7 (Line Drive, 7D, EV 104.4 MPH)
Batting: RHB Tom Watkins 0-0: Ball
1-0: Called Strike
1-1: Called Strike
1-2: SINGLE (Groundball, 6MD, EV 95.6 MPH)
Jose Oquendo to second
Runner from 2nd tries for 3rd, SAFE, no throw by CF
Batting: LHB Dave Stockstill 0-0: Foul Ball, location: 2F
0-1: Ball
1-1: Foul Ball, location: 2F
1-2: Ball
2-2: Fly out, F4 (Flyball, 34D, EV 85.6 MPH)
Bottom of the 3rd over - 0 runs, 1 hit, 0 errors, 2 left on base; Phoenix 0 - Spokane 1
TOP OF THE 4TH
Phoenix Giants batting - Pitching for Spokane Indians : LHP Alberto Argueta
Batting: LHB Bobby V Mitchell 0-0: Swinging Strike
0-1: Ball
1-1: Ground out 6-3 (Groundball, 6, EV 77.5 MPH)
Batting: LHB Gordon Hahn 0-0: Ball
1-0: Ball
2-0: Swinging Strike
2-1: Ball
3-1: Fly out, F7 (Flyball, 7LS, EV 86.3 MPH)
Batting: LHB Ernie Riles 0-0: Swinging Strike
0-1: Ball
1-1: Ball
2-1: DOUBLE (Groundball, 3L, EV 105.0 MPH)
Batting: SHB John Macauley 0-0: Ball
1-0: Called Strike
1-1: Ground out 5-3 (Groundball, 56, EV 100.6 MPH)
Top of the 4th over - 0 runs, 1 hit, 0 errors, 1 left on base; Phoenix 0 - Spokane 1
BOTTOM OF THE 4TH
Spokane Indians batting - Pitching for Phoenix Giants : RHP Hal Dues
Batting: LHB Joseph Lentsch 0-0: Called Strike
0-1: Fly out, F8 (Flyball, 8RD, EV 94.4 MPH)
Batting: RHB Craig Landis 0-0: Called Strike
0-1: Ball
1-1: Fly out, F7 (Flyball, 78D, EV 96.9 MPH)
Batting: RHB John Almon 0-0: Called Strike
0-1: Called Strike
0-2: Ball
1-2: SINGLE (Flyball, 6D, EV 90.0 MPH)
Batting: RHB Matthew Tyner 0-0: Called Strike
0-1: Ball
1-1: SINGLE (Flyball, 89S, EV 90.6 MPH)
John Almon to second
Runner from 2nd tries for 3rd, SAFE, throw by RF made to third
Batting: RHB Ty Waller 0-0: Ball
1-0: Called Strike
1-1: Foul Ball, location: 2F
1-2: Fly out, F4 (Popup, 23, EV 89.4 MPH)
Bottom of the 4th over - 0 runs, 2 hits, 0 errors, 2 left on base; Phoenix 0 - Spokane 1
TOP OF THE 5TH
Phoenix Giants batting - Pitching for Spokane Indians : LHP Alberto Argueta
Batting: RHB Paul Zuvella 0-0: Ball
1-0: Swinging Strike
1-1: Ground out U3 (Groundball, 3, EV 84.4 MPH)
Batting: LHB Joseph Bruno 0-0: Ball
1-0: Called Strike
1-1: Foul Ball, location: 2F
1-2: Ground out 3-1 (Groundball, 34, EV 104.4 MPH)
Batting: RHB Adam Veldman 0-0: Called Strike
0-1: Ball
1-1: Ball
2-1: Fly out, F7 (Flyball, 7D, EV 106.9 MPH)
Top of the 5th over - 0 runs, 0 hits, 0 errors, 0 left on base; Phoenix 0 - Spokane 1
BOTTOM OF THE 5TH
Spokane Indians batting - Pitching for Phoenix Giants : RHP Hal Dues
Batting: SHB Jose Oquendo 0-0: Ground out 4-3 (Groundball, 34D, EV 85.6 MPH)
Batting: LHB Stu Pederson 0-0: Ball
1-0: Called Strike
1-1: Ball
2-1: Fly out, F4 (Line Drive, 4, EV 67.5 MPH)
Batting: RHB Tom Watkins 0-0: Called Strike
0-1: Foul Ball, location: 2F
0-2: Ground out 4-3 (Groundball, 34, EV 81.3 MPH)
Bottom of the 5th over - 0 runs, 0 hits, 0 errors, 0 left on base; Phoenix 0 - Spokane 1
TOP OF THE 6TH
Phoenix Giants batting - Pitching for Spokane Indians : LHP Alberto Argueta
Batting: LHB Frank Gill 0-0: Swinging Strike
0-1: Ball
1-1: Ball
2-1: Called Strike
2-2: Strikes out swinging
Batting: RHB Tom Wieghaus 0-0: Called Strike
0-1: Swinging Strike
0-2: Foul Ball, location: 2F
0-2: Foul Ball, location: 2F
0-2: Foul Ball, location: 2F
0-2: Ground out 5-3 (Groundball, 56S, EV 67.5 MPH)
Batting: LHB Bobby V Mitchell 0-0: Swinging Strike
0-1: Ball
1-1: Ball
2-1: Called Strike
2-2: Ball
3-2: Strikes out swinging
Top of the 6th over - 0 runs, 0 hits, 0 errors, 0 left on base; Phoenix 0 - Spokane 1
BOTTOM OF THE 6TH
Spokane Indians batting - Pitching for Phoenix Giants : RHP Hal Dues
Batting: LHB Dave Stockstill 0-0: Ball
1-0: Called Strike
1-1: SINGLE (Groundball, 34D, EV 110.0 MPH)
Batting: LHB Joseph Lentsch 0-0: Called Strike
0-1: Called Strike
0-2: Foul Ball, location: 2F
0-2: Ball
1-2: Foul Ball, location: 2F
1-2: Strikes out swinging
Batting: RHB Craig Landis 0-0: Called Strike
0-1: Ball
Wild Pitch!
Dave Stockstill to second
1-1: Fly out, F9 (Flyball, 9, EV 88.1 MPH)
Batting: RHB John Almon 0-0: Called Strike
0-1: Ball
1-1: Ground out U3 (Groundball, 34S, EV 87.5 MPH)
Bottom of the 6th over - 0 runs, 1 hit, 0 errors, 1 left on base; Phoenix 0 - Spokane 1
TOP OF THE 7TH
Phoenix Giants batting - Pitching for Spokane Indians : LHP Alberto Argueta
Batting: LHB Gordon Hahn 0-0: Ball
1-0: Foul Ball, location: 2F
1-1: Foul Ball, location: 2F
1-2: Fly out, F7 (Flyball, 7LM, EV 89.4 MPH)
Batting: LHB Ernie Riles 0-0: Ball
1-0: Ball
2-0: Called Strike
2-1: Called Strike
2-2: SINGLE (Line Drive, 4D, EV 98.1 MPH)
Batting: SHB John Macauley 0-0: Ball
1-0: Ball
2-0: Called Strike
2-1: Ball
3-1: Base on Balls
Ernie Riles to second
Batting: RHB Paul Zuvella 0-0: Ball
1-0: Called Strike
1-1: Ball
2-1: Ball
3-1: SINGLE (Line Drive, 5L, EV 101.9 MPH)
Ernie Riles to third
John Macauley to second
Pinch Hitting: SHB Larry Milbourne 0-0: Called Strike
0-1: Called Strike
0-2: Ball
1-2: Foul Ball, location: 2F
1-2: Strikes out swinging
Batting: RHB Adam Veldman 0-0: Fielders Choice at 2nd, 6-4 (Groundball, 6, EV 81.3 MPH)
Top of the 7th over - 0 runs, 2 hits, 0 errors, 3 left on base; Phoenix 0 - Spokane 1
BOTTOM OF THE 7TH
Spokane Indians batting - Pitching for Phoenix Giants : RHP Hal Dues
Now in LF: Mike Reynolds
Batting: RHB Matthew Tyner 0-0: Foul Ball, location: 2F
0-1: Ground out 5-3 (Groundball, 56, EV 78.8 MPH)
Batting: RHB Ty Waller 0-0: Ball
1-0: Ball
2-0: Foul Ball, location: 2F
2-1: Fly out, F7 (Flyball, 78D, EV 108.1 MPH)
Batting: SHB Jose Oquendo 0-0: Ground out 6-3 (Groundball, 6, EV 83.1 MPH)
Bottom of the 7th over - 0 runs, 0 hits, 0 errors, 0 left on base; Phoenix 0 - Spokane 1
TOP OF THE 8TH
Phoenix Giants batting - Pitching for Spokane Indians : LHP Alberto Argueta
Batting: LHB Frank Gill 0-0: Ball
1-0: Ball
2-0: Foul Ball, location: 2F
2-1: SINGLE (Groundball, 25, EV 61.9 MPH) (infield hit)
Batting: RHB Tom Wieghaus 0-0: Bunt - Flyout to 3S! F3
Batting: LHB Bobby V Mitchell 0-0: Swinging Strike
0-1: Ball
1-1: Swinging Strike
1-2: SINGLE (Flyball, 89S, EV 92.5 MPH)
Frank Gill to second
Runner from 2nd tries for 3rd, SAFE, throw by RF made to third
Batting: LHB Gordon Hahn 0-0: Called Strike
0-1: SINGLE (Groundball, 34D, EV 95.0 MPH)
Frank Gill scores
Bobby V Mitchell to second
Runner from 2nd tries for 3rd, SAFE, no throw by RF
Batting: LHB Ernie Riles 0-0: Ball
1-0: Ground out U3 (Groundball, 3, EV 88.1 MPH)
Gordon Hahn to second
Batting: SHB John Macauley 0-0: Foul Ball, location: 2F
0-1: Fly out, F8 (Flyball, 8LD, EV 92.5 MPH)
Top of the 8th over - 1 run, 3 hits, 0 errors, 2 left on base; Phoenix 1 - Spokane 1
BOTTOM OF THE 8TH
Spokane Indians batting - Pitching for Phoenix Giants : RHP Hal Dues
Pitching: RHP Pete Ladd
Batting: LHB Stu Pederson 0-0: Ball
1-0: Called Strike
1-1: Ball
2-1: SINGLE (Groundball, 56D, EV 98.8 MPH)
Batting: RHB Tom Watkins 0-0: Ball
1-0: 2-RUN HOME RUN (Line Drive, 7D, EV 98.1 MPH), Distance : 385 ft
Batting: LHB Dave Stockstill 0-0: SINGLE (Line Drive, 8RS, EV 86.3 MPH)
Batting: LHB Joseph Lentsch 0-0: Grounds into double play, 4-6-3 (Groundball, 4, EV 88.8 MPH)
Batting: RHB Craig Landis 0-0: Ball
1-0: Fly out, F8 (Flyball, 8RD, EV 88.1 MPH)
Bottom of the 8th over - 2 runs, 3 hits, 0 errors, 0 left on base; Phoenix 1 - Spokane 3
TOP OF THE 9TH
Phoenix Giants batting - Pitching for Spokane Indians : LHP Alberto Argueta
Pitching: RHP Albert Williams
Batting: RHB Paul Zuvella 0-0: Called Strike
0-1: Called Strike
0-2: Foul Ball, location: 2F
0-2: Ball
1-2: Fly out, F8 (Line Drive, 8LD, EV 91.3 MPH)
Batting: LHB Mike Reynolds 0-0: Ball
1-0: Ball
2-0: Foul Ball, location: 2F
2-1: Ball
3-1: Foul Ball, location: 2F
3-2: Ground out 4-3 (Groundball, 4M, EV 80.6 MPH)
Batting: RHB Adam Veldman 0-0: Swinging Strike
0-1: Ball
1-1: Ground out 4-3 (Groundball, 4, EV 80.6 MPH)
Top of the 9th over - 0 runs, 0 hits, 0 errors, 0 left on base; Phoenix 1 - Spokane 3
Wednesday, August 19th, 2020 - OOTP Baseball 21.5 Build 76